 Dungeon Crawl Stone Soup version 0.21-a0-29-g43b3074 (webtiles) character file.

36619 grindst0ne the Cleaver (level 14, -13/121 HPs)
             Began as a Formicid Fighter on May 26, 2017.
             Was the Champion of Makhleb.
             Mangled by Sonja
             ... wielding a +2 short sword of distortion
              (20 damage)
             ... on level 4 of the Lair of Beasts.
             The game lasted 01:05:32 (17981 turns).

grindst0ne the Cleaver (Formicid Fighter)          Turns: 17981, Time: 01:05:32

Health: -13/121    AC: 15    Str: 24    XL:     14   Next: 24%
Magic:  18/18      EV: 19    Int:  8    God:    Makhleb [******]
Gold:   1544       SH: 14    Dex: 24    Spells: 13/13 levels left

rFire    . . .     SeeInvis +   b - +0 battleaxe
rCold    + . .     Gourm    .   c - +1 shield
rNeg     . . .     Faith    .   k - +2 scale mail of Hohuakim {rC+ rCorr Dex+4}
rPois    .         Spirit   .   (helmet unavailable)
rElec    +         Reflect  .   t - +0 cloak
rCorr    +         Harm     .   B - +0 pair of gloves
MR       +....     Clarity  +   (no boots)
Stlth    ++........             Q - amulet of rage
Regen    0.7/turn               L - ring of Viliuh {Str+2 Dex+4}
MPRegen  0.2/turn               R - ring of Pragmatism {rElec Stlth+}

@: no status effects
A: permanent stasis, dig shafts and tunnels, four strong arms, antennae 3, icy
blue scales 1, agile 1, clarity, sense surroundings 1, regeneration 1, robust 1,
electricity resistance
a: Dig, Shaft Self, Minor Destruction, Lesser Servant of Makhleb, Major
Destruction, Greater Servant of Makhleb, Renounce Religion


You were on level 4 of the Lair of Beasts.
You worshipped Makhleb.
Makhleb was exalted by your worship.
You were not hungry.

You visited 2 branches of the dungeon, and saw 15 of its levels.
You also visited: Ice Cave.

You collected 1620 gold pieces.
You spent 76 gold pieces at shops.

Inventory:

Hand Weapons
 b - a +0 battleaxe (weapon)
 x - the +1 spear "Paluag" {pierce, rPois Int+3}
   (You took it off a meliai on level 4 of the Lair of Beasts)

   It inflicts extra damage upon your enemies.
   It affects your intelligence (+3).
   It protects you from poison.
 I - a +2 scimitar of flaming
Missiles
 C - 10 tomahawks (quivered)
Armour
 c - a +1 shield (worn)
 k - the +2 scale mail of Hohuakim (worn) {rC+ rCorr Dex+4}
   (You found it on level 11 of the Dungeon)

   It affects your dexterity (+4).
   It protects you from cold.
   It protects you from acid and corrosion.
 t - a +0 cloak (worn)
 B - a +0 pair of gloves (worn)
 H - +0 ice dragon scales
Jewellery
 a - an uncursed ring of protection from fire {unknown}
 l - a +2 ring of strength {unknown}
 m - an uncursed ring of resist corrosion
 L - the ring of Viliuh (left hand) {Str+2 Dex+4}
   (You acquired it on level 11 of the Dungeon)

   [ring of strength]

   It affects your strength (+2).
   It affects your dexterity (+4).
 Q - an amulet of rage (around neck)
 R - the ring of Pragmatism (right hand) {rElec Stlth+}
   (You found it in an ice cave)

   [ring of stealth]

   It insulates you from electricity.
   It makes you more stealthy.
 V - an uncursed ring of flight
Wands
 g - a wand of scattershot (3/9)
 v - a wand of disintegration (8/24)
 E - a wand of acid (0/15)
 J - a wand of iceblast (6/15)
 O - a wand of flame (12/48)
 S - a wand of polymorph (3/24)
Scrolls
 e - 2 scrolls of enchant weapon
 h - 2 scrolls of identify
 i - 5 scrolls of remove curse
 u - a scroll of amnesia
 G - a scroll of holy word
Potions
 j - 4 potions of flight
 w - 3 potions of cancellation
Comestibles
 d - a chunk of flesh
 f - 6 bread rations
 n - 31 fruits
 p - 8 royal jellies
 q - 8 meat rations


   Skills:
 + Level 10.0 Fighting
 + Level 13.6 Axes
 * Level 9.9 Armour
 - Level 10.3 Dodging
 - Level 9.2 Shields
 - Level 4.3 Invocations
 - Level 6.1 Evocations


You had 13 spell levels left.
You didn't know any spells.

Dungeon Overview and Level Annotations

Branches:
Dungeon (11/15)            Temple (0/1) D:7            Lair (4/6) D:8
  Swamp (0/4) Lair:4        Snake (0/4) Lair:3          Orc (0/2) D:11

Altars:
Fedhas
Makhleb
Okawaru
Wu Jian
The Shining One

Shops:
D:10 [[

Annotations:
D:7 exclusion: downstairs
D:8 exclusion: downstairs
D:9 2 transporters, Erolcha
Lair:4 exclusion: 2 oklob plants, Sonja


Innate Abilities, Weirdness & Mutations

You cannot be hasted, slowed, berserked, paralysed or teleported.
You can dig through walls and to a lower floor.
Your four strong arms can wield two-handed weapons with a shield.
You have a pair of large antennae on your head. (SInv)
You are partially covered in icy blue scales. (AC +2)
You are agile. (Dex +2)
You possess an exceptional clarity of mind.
You passively map a small area around you.
Your natural rate of healing is unusually fast.
You are robust. (+10% HP)
You are resistant to electric shocks. (rElec)


Message History

Your white imp hits the elephant but does no damage.
You block the elephant's attack. The elephant barely misses you.
Your ynoxinul hits the elephant but does no damage.
Your neqoxec hits the elephant but does no damage.
A demon appears!
The elephant tramples you.
* * * LOW HITPOINT WARNING * * *
You hold your ground!
The elephant barely misses you. You block the elephant's attack.
The elephant barely misses you.
You block the elephant's attack. x2; The elephant completely misses you.
The elephant trunk-slaps you but does no damage.
Your white imp gestures at the elephant.
The puff of frost hits the elephant.
Your ynoxinul gestures at the elephant.
The iron shot hits the elephant.
Your neqoxec completely misses the elephant.
You swap places.
Something tramples your neqoxec!
Your neqoxec holds its ground!
Something barely misses your neqoxec.
Sonja completely misses you. x2; Sonja hits you but does no damage.
Space warps horribly around you!
You die...

.............................#..#
..............................#..
....[.................÷.........#
.S..........................#..#.
.........................##.##.##
...{............53.......########
...K{..#.#...3YY3........#####.#.
..Y....######§Y3§....#...........
.......###)#.#Y#@.....≈≈.........
......#.#.#.#§#K...≈≈≈≈≈≈§≈......
.......#(###§P...§§≈§≈≈≈§≈§§§....
......>P#(##...§§≈≈≈≈§§§§§§≈≈≈...
.......#(##....§≈§≈≈≈≈§§≈§§≈≈§≈..
.......§##....§§≈§§§§≈≈§≈§§§§§≈§.
......§.......§≈§§§§§..§.§§≈≈≈§§.
.......§.###.≈≈≈≈≈≈...##§.§≈§≈≈≈≈
.....#.[#.##.≈§§≈§≈..####..§≈≈≈≈≈


You could see 3 elephants, Sonja and 3 friendly neqoxecs.

Vanquished Creatures
  Nessos (Lair:4)
  3 hydras
  2 ice dragons (IceCv)
  Erica (D:11)
  A queen ant (D:10)
  A death yak (Lair:4)
  The ghost of grindst0ne the Fighter, a novice FoFi of Makhleb (D:6)
  2 ugly things (D:11)
  3 manticores (Lair:4)
  13 elephants
  3 black mambas
  3 spiny frogs
  2 komodo dragons
  3 rime drakes
  A polar bear (Lair:4)
  3 meliai (Lair:4)
  A queen bee (Lair:4)
  A harpy zombie (D:11)
  A troll (D:11)
  3 tyrant leeches (Lair:4)
  Grinder (D:3)
  6 blink frogs
  4 dream sheep (Lair:4)
  9 hippogriffs
  7 yaks
  4 wyverns
  Grum (D:9)
  3 hungry ghosts
  20 soldier ants (D:10)
  5 water moccasins
  6 porcupines
  2 sky beasts
  4 orc warriors
  19 ice beasts
  5 phantoms
  5 ogres
  4 wolves
  5 centaurs
  6 crocodiles
  A big kobold (D:8)
  2 wyvern zombies
  7 bullfrogs
  A gnoll sergeant (D:8)
  4 scorpions
  A troll zombie (D:11)
  35 killer bees
  2 jellies
  2 howler monkeys (D:7)
  4 wights (D:10)
  5 electric eels
  7 crimson imps
  A bullfrog zombie (D:11)
  A quasit (D:6)
  6 hounds
  2 centaur skeletons
  7 orc wizards
  4 iguanas
  7 orc priests
  3 bullfrog skeletons
  26 worker ants
  A killer bee zombie (D:10)
  7 ogre zombies (D:11)
  A hound zombie (D:5)
  A hound skeleton (D:4)
  8 gnolls
  7 adders
  An adder zombie (D:9)
  A worm (D:2)
  3 dart slugs
  8 leopard geckos
  31 orcs
  4 giant cockroaches
  3 goblins
  2 hobgoblins
  23 jackals
  3 kobolds
  6 quokkas
  4 ball pythons
  13 bats
  5 frilled lizards
  A goblin skeleton (D:11)
  4 goblin zombies (D:11)
  2 hobgoblin skeletons (D:11)
  3 hobgoblin zombies (D:11)
  A leopard gecko skeleton (D:4)
  3 orc skeletons (D:11)
  12 orc zombies (D:11)
  A quokka zombie (D:5)
  3 rats
  2 fungi
457 creatures vanquished.

Vanquished Creatures (collateral kills)
  A rime drake (Lair:4)
  A basilisk (Lair:4)
  A bullfrog (Lair:4)
  A killer bee (Lair:4)
4 creatures vanquished.

Vanquished Creatures (others)
  4 plants
4 creatures vanquished.

Grand Total: 465 creatures vanquished

Notes
Turn   | Place    | Note
-------+----------+-------------------------------------------
     0 | D:1      | grindst0ne the Formicid Fighter began the quest for the Orb.
     0 | D:1      | Reached XP level 1. HP: 18/18 MP: 1/1
    35 | D:1      | Found an iron altar of Okawaru.
   261 | D:1      | Reached XP level 2. HP: 24/24 MP: 2/2
  1077 | D:2      | Reached XP level 3. HP: 20/30 MP: 3/3
  1161 | D:2      | Found an iron altar of Okawaru.
  1275 | D:2      | Found a burning altar of Makhleb.
  1282 | D:2      | Reached XP level 4. HP: 38/38 MP: 4/4
  1288 | D:2      | Became a worshipper of Makhleb the Destroyer
  1361 | D:2      | Reached skill level 3 in Axes
  1725 | D:3      | Reached skill level 5 in Fighting
  1750 | D:3      | Reached XP level 5. HP: 40/44 MP: 5/5
  1976 | D:3      | Noticed Grinder
  2493 | D:3      | Killed Grinder
  2493 | D:3      | Reached skill level 4 in Axes
  2493 | D:3      | Reached skill level 5 in Shields
  2493 | D:3      | Reached XP level 6. HP: 27/51 MP: 6/6
  3022 | D:4      | Reached * piety under Makhleb
  3073 | D:4      | Reached XP level 7. HP: 37/56 MP: 7/7
  4102 | D:4      | Reached skill level 5 in Axes
  4102 | D:4      | Reached XP level 8. HP: 52/62 MP: 8/8
  4374 | D:5      | Entered Level 5 of the Dungeon
  4870 | D:5      | Reached ** piety under Makhleb
  5169 | D:5      | Reached skill level 1 in Dodging
  5170 | D:5      | Found a blossoming altar of Fedhas.
  5520 | D:6      | Noticed grindst0ne's ghost (novice FoFi)
  5818 | D:5      | Reached skill level 6 in Axes
  5925 | D:6      | Killed grindst0ne's ghost
  5925 | D:6      | Reached XP level 9. HP: 52/68 MP: 9/9
  6171 | D:6      | Reached skill level 7 in Axes
  6171 | D:6      | Reached skill level 5 in Dodging
  6848 | D:7      | Gained mutation: You are weak. (Str -2) [mutagenic meat]
  6849 | D:7      | Gained mutation: You are agile. (Dex +2) [mutagenic meat]
  6850 | D:7      | Gained mutation: Scrolls take you a little longer to read. [mutagenic meat]
  6851 | D:7      | Gained mutation: You have sharp fingernails. [mutagenic meat]
  6852 | D:7      | Gained mutation: You are robust. (+10% HP) [mutagenic meat]
  6853 | D:7      | Gained mutation: Your spells are a little harder to cast, but a little more powerful. [mutagenic meat]
  6931 | D:7      | Reached skill level 8 in Axes
  6945 | D:7      | Reached XP level 10. HP: 66/83 MP: 10/10
  7613 | D:7      | Lost mutation: You have sharp fingernails. [potion of mutation]
  7613 | D:7      | Lost mutation: You are agile. (Dex +2) [potion of mutation]
  7613 | D:7      | Lost mutation: Scrolls take you a little longer to read. [potion of mutation]
  7613 | D:7      | Lost mutation: Your spells are a little harder to cast, but a little more powerful. [potion of mutation]
  7613 | D:7      | Gained mutation: Your natural rate of healing is unusually fast. [potion of mutation]
  7613 | D:7      | Gained mutation: You evolve. [potion of mutation]
  7770 | D:7      | Found a staircase to the Ecumenical Temple.
  7926 | D:8      | Found a staircase to the Lair.
  8081 | D:8      | Reached skill level 9 in Axes
  8129 | D:8      | Reached *** piety under Makhleb
  8412 | D:8      | Reached skill level 1 in Invocations
  8425 | D:8      | Gained mutation: Your flesh is cold resistant. (rC+) [evolution]
  8437 | D:8      | Found a glowing golden altar of the Shining One.
  8439 | D:8      | Noticed a four-headed hydra
  8861 | D:9      | Noticed Erolcha
  8863 | D:9      | Noticed a cyclops
  8863 | D:9      | Noticed a fire dragon
  8879 | D:9      | Found an ornate altar of the Wu Jian Council.
  9129 | D:9      | Noticed Grum
  9192 | D:9      | Killed Grum
  9192 | D:9      | Reached skill level 1 in Evocations
  9336 | D:9      | Reached skill level 10 in Axes
  9574 | D:9      | Noticed a red ugly thing
  9998 | D:8      | Lost mutation: Your flesh is cold resistant. (rC+) [mutagenic meat]
  9999 | D:8      | Gained mutation: You occasionally shout uncontrollably at your foes. [mutagenic meat]
 10000 | D:8      | Gained mutation: You are partially covered in icy blue scales. (AC +2) [mutagenic meat]
 10208 | D:10     | Entered Level 10 of the Dungeon
 10254 | D:10     | Reached XP level 11. HP: 92/92 MP: 14/14
 10269 | D:10     | Reached **** piety under Makhleb
 10864 | D:10     | Reached skill level 5 in Armour
 10966 | D:10     | Noticed a queen ant
 10992 | D:10     | Killed a queen ant
 11273 | D:10     | Found Tegi's Armour Boutique.
 11297 | D:10     | Bought a +0 pair of gloves for 76 gold pieces
 11317 | D:10     | Found Vaobb's Armour Shoppe.
 11562 | D:10     | Reached skill level 11 in Axes
 11954 | D:10     | Gained mutation: You possess an exceptional clarity of mind. [evolution]
 12239 | D:11     | Got a transparent scale mail
 12250 | D:11     | Identified the +2 scale mail of Hohuakim {rC+ rCorr Dex+4} (You found it on level 11 of the Dungeon)
 12289 | D:11     | Found a staircase to the Orcish Mines.
 12323 | D:11     | Reached ***** piety under Makhleb
 12480 | D:11     | Reached XP level 12. HP: 100/103 MP: 15/15
 12589 | D:11     | Noticed Erica
 12611 | D:11     | Killed Erica
 12611 | D:11     | Reached skill level 5 in Evocations
 13133 | D:11     | Identified a scroll of acquirement
 13138 | D:11     | Got a scorched iron ring
 13139 | D:11     | Identified the ring of Viliuh {Str+2 Dex+4} (You acquired it on level 11 of the Dungeon)
 13218 | D:8      | Killed a four-headed hydra
 13331 | Lair:1   | Entered Level 1 of the Lair of Beasts
 14199 | Lair:2   | Lost mutation: You are weak. (Str -2) [potion of mutation]
 14199 | Lair:2   | Lost mutation: You occasionally shout uncontrollably at your foes. [potion of mutation]
 14199 | Lair:2   | Gained mutation: You are agile. (Dex +2) [potion of mutation]
 14199 | Lair:2   | Gained mutation: You passively map a small area around you. [potion of mutation]
 14340 | Lair:2   | Reached skill level 12 in Axes
 14978 | Lair:3   | Found a staircase to the Snake Pit.
 15015 | Lair:3   | Found a frozen archway.
 15026 | IceCv    | Entered an ice cave
 15167 | IceCv    | Reached XP level 13. HP: 110/110 MP: 17/17
 15430 | IceCv    | Noticed an ice dragon
 15431 | IceCv    | Noticed an ice dragon
 15443 | IceCv    | Killed an ice dragon
 15459 | IceCv    | Killed an ice dragon
 15603 | IceCv    | Got a twitching platinum ring
 15673 | IceCv    | Identified the ring of Pragmatism {rElec Stlth+} (You found it in an ice cave)
 16088 | Lair:3   | Reached skill level 10 in Dodging
 16119 | Lair:3   | Reached ****** piety under Makhleb
 16276 | Lair:3   | Reached skill level 13 in Axes
 16332 | Lair:3   | Noticed a six-headed hydra
 16341 | Lair:3   | Killed a one-headed hydra
 16512 | Lair:3   | Gained mutation: You are resistant to electric shocks. (rElec) [evolution]
 16512 | Lair:3   | Lost mutation: You evolve. [end of evolution]
 17032 | Lair:4   | Found a staircase to the Swamp.
 17357 | Lair:4   | Noticed a seven-headed hydra
 17371 | Lair:4   | Killed a one-headed hydra
 17530 | Lair:4   | Reached XP level 14. HP: 106/118 MP: 18/18
 17911 | Lair:4   | Got an ebony spear {pierce}
 17912 | Lair:4   | Identified the cursed +1 spear "Paluag" {pierce, rPois Int+3} (You took it off a meliai on level 4 of the Lair of Beasts)
 17928 | Lair:4   | Noticed Nessos
 17933 | Lair:4   | Noticed Sonja
 17940 | Lair:4   | Killed Nessos
 17946 | Lair:4   | Reached skill level 10 in Fighting
 17980 | Lair:4   | HP: 6/121 [elephant (1)]
 17981 | Lair:4   | Mangled by Sonja

Vault maps used:
D:1:      tarquinn_simple_flora_water_f, okawaru_ov_weapons_minmay
D:2:      lemuel_round_altar, makhleb_heckhound_becter
D:3:      uniq_grinder
D:5:      fedhas_altar_4, first_bread, hex_large,
          minmay_a_box_with_orc_wizards_in_it
D:7:      minmay_temple_entry_poolview
D:8:      nicolae_overflow_crystal_walls, lair_entry_dummy, blue_anna_alchemist
D:9:      gammafunk_temple_overflow_arena, lightli_corner_chamber, uniq_erolcha,
          uniq_grum
D:10:     serial_shops, shop_fountains, nicolae_shop_behind_doors, minivault_29
D:11:     zombieorc2_lemuel, billiards_dpeg, uniq_erica
Lair:1:   ldierk_geyser, infiniplex_staircase_pool_2
Lair:3:   dummy_snake_entry, portal_ice_cave_entry_pillars_1,
          nicolae_lair_grove_arrangements, serial_bayou_shore_a,
          infiniplex_staircase_pool
Lair:4:   regret_index_harrowing_hell_hive, minmay_swamp_entry_worms,
          minmay_lindwurm_lava, minmay_lair_oklob_chamber, uniq_nessos,
          uniq_sonja
IceCv:    ice_cave_small_dragons

Skill      XL: |  1  2  3  4  5  6  7  8  9 10 11 12 13 14 |
---------------+-------------------------------------------+-----
Fighting       | 4 5 7 8 9 10 | 10.0
Axes           | 3 4 5 6 8 10 11 12 13 | 13.6
Shields        | 5 6 7 9 |  9.2
Dodging        | 4 5 8 10 | 10.3
Invocations    | 4 |  4.3
Evocations     | 3 4 6 |  6.1
Armour         | 7 9 |  9.9

Action                   |  1- 3 |  4- 6 |  7- 9 | 10-12 | 13-15 || total
-------------------------+-------+-------+-------+-------+-------++-------
Melee: War axe           |    89 |   131 |   344 |   218 |       ||   782
       Battleaxe         |       |       |       |   996 |   541 ||  1537
       Scimitar          |       |       |       |     3 |    14 ||    17
Throw: Tomahawk          |       |       |       |     5 |       ||     5
Invok: Lesser Servant of |       |       |       |       |     6 ||     6
 Abil: Dig               |       |     4 |    13 |    29 |    26 ||    72
Evoke: Wand              |       |       |       |    18 |     5 ||    23
  Use: Scroll            |       |     9 |     4 |    11 |     9 ||    33
       Potion            |       |     2 |     2 |    15 |     7 ||    26
 Stab: Invisible         |       |       |       |     1 |       ||     1
       Sleeping          |       |       |       |       |     1 ||     1
  Eat: Chunk             |     1 |     5 |    27 |    51 |     6 ||    90
       Bread ration      |       |     1 |       |     1 |       ||     2
       Fruit             |       |       |       |     1 |     4 ||     5
       Royal jelly       |       |       |       |     1 |       ||     1
Armor: Chain mail        |    78 |    53 |   132 |   261 |       ||   524
       Scale mail        |     5 |       |       |    90 |   148 ||   243
       Skin              |       |       |    16 |       |       ||    16
       Ice dragon scales |       |       |       |       |    40 ||    40
Dodge: Dodged            |    35 |    26 |    86 |   420 |   387 ||   954
Block: Shield            |    74 |    72 |   221 |   749 |   499 ||  1615
       Rpst.: Scimitar   |       |       |       |     2 |       ||     2
